 Dungeon Crawl Stone Soup version 0.32-a0-886-g41c5271027 (webtiles) character file.

Game seed: 12850922035816506073

224 Dirtsage the Slasher (level 5, 41/41 HPs)
             Began as a Demonspawn Monk on Apr 1, 2024.
             Quit the game on level 3 of the Dungeon on Apr 2, 2024.
             The game lasted 00:04:47 (1800 turns).

Dirtsage the Slasher (Demonspawn Monk)              Turns: 1800, Time: 00:04:48

Health: 41/41      AC:  9    Str: 11    XL:     5   Next: 67%
Magic:  5/5        EV:  7    Int: 11    God:
Gold:   166        SH:  0    Dex: 17    Spells: 4/4 levels left

rFire   . . .        a - +0 falchion
rCold   . . .        d - orb {light}
rNeg    . . .        j - +0 ring mail
rPois   .            (no helmet)
rElec   .            (no cloak)
rCorr   .            (no gloves)
SInv    .            (no boots)
Will    .....        (no amulet)
Stlth   +            e - +5 ring of evasion
HPRegen 0.26/turn    h - +4 ring of protection
MPRegen 0.09/turn

%: no passive effects
@: held, glowing
A: demonic guardian 1, spiny 1
a: no special abilities


You were on level 3 of the Dungeon.
You visited 1 branch of the dungeon, and saw 3 of its levels.

You collected 166 gold pieces.

Inventory:

Hand Weapons
 a - a +0 falchion (weapon)
Armour
 b - a +0 robe
 d - an orb of light (worn)
 j - a +0 ring mail (worn)
Jewellery
 e - a +5 ring of evasion (left hand)
 h - a +4 ring of protection (right hand)
Wands
 k - a wand of acid (3)
Scrolls
 l - a scroll of fog {unknown}
 n - 2 scrolls of identify {unknown}
 o - a scroll of acquirement {unknown}
Potions
 c - a potion of ambrosia
 f - 2 potions of curing {unknown}
 g - 2 potions of brilliance {unknown}
 i - a potion of haste {unknown}
 m - a potion of heal wounds {unknown}


   Skills:
 - Level 3.0 Fighting
 + Level 5.9 Long Blades
 - Level 2.6 Dodging


You had 4 spell levels left.
You didn't know any spells.
Your spell library contained the following spells:

 Spells                   Type           Power      Damage    Failure   Level
 Shock                    Conj/Air       0%         1d3       65%         1
 Swiftness                Air            0%         N/A       95%         3
 Airstrike                Air            0%         2d(0-16)  100%        4


Dungeon Overview and Level Annotations

Branches:
Dungeon (3/15)

Altars:
Ashenzari
Fedhas

Shops:
D:1 *


Innate Abilities, Weirdness & Mutations

A weak demonic guardian rushes to your aid.
You are partially covered in sharp spines.


Message History

An adder comes into view.
There is a dry fountain here.
An adder is nearby!
A ribbon worm comes into view.
The adder hisses angrily.
You closely miss the adder. The adder bites you.
You take 1 damage, and have 40/41 hp.
You hit the adder but do no damage. The adder is struck by your spines.
The adder barely misses you. The adder misses you.
You slash the adder!
You kill the adder!
Health restored: 41 The ribbon worm bites you but does no damage.
You hit the ribbon worm.
The ribbon worm is moderately wounded.
The ribbon worm bites you but does no damage.
You hit the ribbon worm but do no damage.
The ribbon worm is moderately wounded.
The ribbon worm expels a string of sticky webbing.
The stream of webbing hits you but does no damage.
You are caught in a web!
The web tears apart.
You hit the ribbon worm but do no damage.
The ribbon worm is lightly wounded.
The ribbon worm expels a string of sticky webbing.
The stream of webbing hits you but does no damage.
You are caught in a web!
The web tears apart.
The ribbon worm is struck by your spines.
The ribbon worm bites you but does no damage.
You completely miss the ribbon worm.
The ribbon worm is moderately wounded.
The ribbon worm bites you but does no damage.
You slash the ribbon worm!
The ribbon worm is severely wounded.
The ribbon worm expels a string of sticky webbing.
The stream of webbing hits you but does no damage.
You are caught in a web!
You struggle to detach yourself from the web.
Are you sure you want to abandon this character and quit the game? (Confirm with "yes".)

##.#.### #......## #.#
##..##...#####.#
#............#.#
#...##.#.+##.#.#
#...#..#...#...##
#..†...#...#.[..#######
.#..#..#...##....w....#
##..#⌠.#.'##.⌠..@###
....#.........#....#
.#####.......####..# .#
..........# #.#
.#...+..._...+ .#
.#............ .#
.#####.......## # ..
#......... #⌠.#.+.#.⌠.


You could see a ribbon worm (catching breath).

Vanquished Creatures
  An ogre (D:3)
  A scorpion (D:3)
  4 adders
  A dart slug (D:1)
  A ribbon worm (D:2)
  4 endoplasms
  5 giant cockroaches
  2 goblins
  6 hobgoblins
  A quokka (D:1)
  6 ball pythons
  2 bats (D:1)
  3 frilled lizards
  8 kobolds
  3 rats
48 creatures vanquished.

Notes
Turn   | Place    | Note
-------+----------+-------------------------------------------
     0 | D:1      | Dirtsage the Demonspawn Monk began the quest for the Orb.
     0 | D:1      | Reached XP level 1. HP: 18/18 MP: 1/1
    66 | D:1      | Reached skill level 3 in Long Blades
    85 | D:1      | Found Ynepaoqu's General Store.
   143 | D:1      | Gained mutation: A weak demonic guardian rushes to your
                  | aid. [demonic ancestry]
   143 | D:1      | Reached XP level 2. HP: 24/24 MP: 2/2
   485 | D:2      | Upgraded the game from 0.32-a0-876-gcfddb08e57 to
                  | 0.32-a0-886-g41c5271027
   495 | D:2      | Reached XP level 3. HP: 21/29 MP: 3/3
   586 | D:2      | Reached skill level 4 in Long Blades
  1313 | D:3      | Noticed a scorpion
  1339 | D:3      | Killed a scorpion
  1340 | D:3      | Reached skill level 5 in Long Blades
  1340 | D:3      | Reached XP level 4. HP: 21/35 MP: 4/4
  1463 | D:3      | Found a blossoming altar of Fedhas.
  1610 | D:3      | Noticed an ogre
  1617 | D:3      | Killed an ogre
  1618 | D:3      | Gained mutation: You are partially covered in sharp spines.
                  | [demonic ancestry]
  1618 | D:3      | Reached XP level 5. HP: 13/41 MP: 5/5
  1752 | D:3      | Found a faded altar of an unknown god.
  1765 | D:3      | Found a broken altar of Ashenzari.
  1800 | D:3      | Quit the game

Illustrated notes

Levels and vault maps discovered:
D:1:      ncdulo_lavacross, layout_rooms, serial_shops,
          nicolae_shop_tiny_waterfront, minmay_tree_intersection
D:2:      layout_basic, minmay_misc_feat_x
D:3:      layout_loops_ring, fedhas_altar_4, evilmike_ruin_ashenzari,
          ebering_ecumenical_altar_abandoned, st_stairs_12

Skill      XL: |  1  2  3 |
---------------+----------+-----
Long Blades    | 3 5 |  5.9
Fighting       | |  3.0
Dodging        | |  2.6

Action                     |  1- 3 |  4- 6 || total
---------------------------+-------+-------++-------
  Melee: Falchion          |   117 |    28 ||   145
  Evoke: Wand              |       |     2 ||     2
 Armour: Robe              |    27 |       ||    27
         Ring mail         |    23 |    11 ||    34
  Dodge: Dodged            |    84 |    15 ||    99

Table legend: (Time is in decaauts)
 A = Elapsed time spent in this place.
 B = Non-inter-level travel time spent in this place.
 C = Inter-level travel time spent in this place.
 D = Time resting spent in this place.
 E = Time spent auto-exploring this place.
 F = Levels seen in this place.
 G = Mean time per level.
                   A        B        C        D        E       F      G
               +--------+--------+--------+--------+--------+-----+--------+
         Total |   1812 |   1784 |     28 |      0 |   1458 |   3 |  604.0 |
       Dungeon |   1812 |   1784 |     28 |      0 |   1458 |   3 |  604.0 |
               +--------+--------+--------+--------+--------+-----+--------+

Top non-repeatable levels by time:
     D:2: 878 daAuts
     D:3: 489 daAuts
     D:1: 445 daAuts
